[Event "BL 2024-25"]
[Site "Austria"]
[Date "2024.10.10"]
[Round "2.3"]
[White "Tratar, Marko"]
[Black "Peyrer, Konstantin"]
[Result "0-1"]
[ECO "A13"]
[WhiteElo "2374"]
[BlackElo "2415"]
[Annotator "RC"]
[PlyCount "76"]
[EventDate "2024.08.28"]
[EventType "team-tourn"]
[EventCountry "AUT"]
[SourceTitle "playchess.com"]
[Source "ChessBase"]
[SourceQuality "1"]
[WhiteTeam "Frauental"]
[BlackTeam "Ottakring"]
[TimeControl "40/5400+30:1800+30"]

1. Nf3 Nf6 2. c4 e6 3. b3 d5 4. Bb2 c5 5. cxd5 exd5 6. g3 Nc6 7. Bg2 Bd6 8. O-O Bg4 9. d4 O-O 10. Ne5 Bh5 11. Nxc6 bxc6 12. Nd2 cxd4 13. Bxd4 Re8 14. Bf3 Bxf3 15. Nxf3 Ne4 16. Nd2 Qd7 17. Kg2 Ng5 18. f4 Ne4 19. Rc1 Rac8 20. Rf3 c5 21. Bb2 Qf5 22. Rc2 Rcd8 23. Rd3 Nxd2 24. Rcxd2 Qe4+ 25. Rf3 Bc7 26. Rc2 Bb6 27. Qd3 Qe7 28. Bc1 Qb7 29. Ba3 Rc8 30. Qb5 a6 31. Qd3 Qc6 32. Bb2 c4 33. Qd1 Re4 34. Rd2 Rce8 35. Rc2 Qe6 36. e3 Bxe3 37. f5 Qc6 38. Re2 Bc1 0-1

[Event "BL 2024-25"]
[Site "Austria"]
[Date "2024.10.10"]
[Round "2.4"]
[White "Froewis, Georg"]
[Black "Mohr, Georg"]
[Result "1-0"]
[ECO "A40"]
[WhiteElo "2429"]
[BlackElo "2381"]
[Annotator "RC"]
[PlyCount "125"]
[EventDate "2024.08.28"]
[EventType "team-tourn"]
[EventCountry "AUT"]
[SourceTitle "playchess.com"]
[Source "ChessBase"]
[SourceQuality "1"]
[WhiteTeam "Ottakring"]
[BlackTeam "Frauental"]
[TimeControl "40/5400+30:1800+30"]

1. Nf3 c5 2. c4 g6 3. e4 Bg7 4. d4 cxd4 5. Nxd4 Qb6 6. Nb3 Nc6 7. Be3 Qd8 8. Qd2 Nf6 9. f3 d6 10. Nc3 O-O 11. Be2 a5 12. Na4 Be6 13. Nb6 Ra7 14. Nd5 Ra8 15. Bb6 Qc8 16. Nc7 Rb8 17. Nxa5 Nd7 18. Nxc6 bxc6 19. Nxe6 fxe6 20. Bd4 Bxd4 21. Qxd4 e5 22. Qc3 Qb7 23. Rb1 Qa7 24. b4 Nc5 25. Rd1 Na4 26. Qd2 c5 27. b5 Nb6 28. O-O Ra8 29. Ra1 Qa3 30. Rfc1 Ra7 31. Rc3 Qb4 32. a3 Qa5 33. Qe3 Nd7 34. Bf1 Qd8 35. g3 Nb6 36. Bh3 Ra4 37. Be6+ Kg7 38. f4 Rf6 39. f5 Rxe6 40. fxe6 Qc8 41. Rf1 Qxe6 42. Qf2 Nd7 43. b6 Ra8 44. b7 Rb8 45. Qb2 Nf6 46. a4 Qd7 47. Rb3 Qxa4 48. Ra1 Qc6 49. Qb1 Nd7 50. Ra2 h5 51. h3 Kf7 52. Ra7 Kg7 53. Kg2 Kf7 54. Rba3 Kg7 55. R3a6 Qc7 56. Qb5 Qd8 57. Ra8 Qc7 58. Rxb8 Nxb8 59. Ra8 h4 60. gxh4 e6 61. Rxb8 Qxb8 62. Qd7+ Kh6 63. Qc8 1-0

[Event "BL 2024-25"]
[Site "Austria"]
[Date "2024.10.10"]
[Round "2.5"]
[White "Schnider, Gert"]
[Black "Balint, Peter"]
[Result "1/2-1/2"]
[ECO "C76"]
[WhiteElo "2362"]
[BlackElo "2375"]
[Annotator "RC"]
[PlyCount "65"]
[EventDate "2024.08.28"]
[EventType "team-tourn"]
[EventCountry "AUT"]
[SourceTitle "playchess.com"]
[Source "ChessBase"]
[SourceQuality "1"]
[WhiteTeam "Frauental"]
[BlackTeam "Ottakring"]
[TimeControl "40/5400+30:1800+30"]

1. e4 e5 2. Nf3 Nc6 3. Bb5 a6 4. Ba4 d6 5. O-O Bd7 6. c3 g6 7. d4 Bg7 8. Re1 Nge7 9. h3 O-O 10. Be3 b6 11. Nbd2 Qe8 12. dxe5 dxe5 13. Bc2 h6 14. a4 f5 15. exf5 gxf5 16. Nf1 Be6 17. Bb3 Qf7 18. Bxe6 Qxe6 19. Qe2 Ng6 20. Rad1 a5 21. Qb5 Rad8 22. Bc1 e4 23. Rxd8 Rxd8 24. Ng3 Nge5 25. Nxe5 Nxe5 26. Nh5 Bh8 27. Nf4 Qc4 28. Qxc4+ Nxc4 29. Kf1 Be5 30. g4 fxg4 31. hxg4 Nd2+ 32. Bxd2 Rxd2 33. Rxe4 1/2-1/2

[Event "BL 2024-25"]
[Site "Austria"]
[Date "2024.10.10"]
[Round "2.6"]
[White "Steindl, Johannes"]
[Black "Skuhala, Jernej"]
[Result "1-0"]
[ECO "B95"]
[WhiteElo "2225"]
[BlackElo "2320"]
[Annotator "RC"]
[PlyCount "85"]
[EventDate "2024.08.28"]
[EventType "team-tourn"]
[EventCountry "AUT"]
[SourceTitle "playchess.com"]
[Source "ChessBase"]
[SourceQuality "1"]
[WhiteTeam "Ottakring"]
[BlackTeam "Frauental"]
[TimeControl "40/5400+30:1800+30"]

1. e4 c5 2. Nf3 d6 3. d4 cxd4 4. Nxd4 Nf6 5. Nc3 a6 6. Bg5 e6 7. Qf3 Be7 8. O-O-O Nbd7 9. Kb1 Qc7 10. g4 b5 11. a3 Bb7 12. Bxf6 Nxf6 13. g5 Nd7 14. Rg1 Nc5 15. h4 f5 16. gxf6 Bxf6 17. Bxb5+ axb5 18. Ndxb5 Qe7 19. Nxd6+ Kf8 20. Qe3 Na4 21. e5 Nxc3+ 22. Qxc3 Bxh4 23. Rd4 Bd5 24. Rf4+ Kg8 25. Rxh4 h5 26. Qh3 Rf8 27. f4 Qa7 28. Rd1 Rh6 29. c4 Bc6 30. Rxh5 Rxh5 31. Qxh5 Rb8 32. Rd2 Qg1+ 33. Ka2 Ba4 34. b4 Ra8 35. Qf7+ Kh8 36. Qxe6 Qg3 37. Nf7+ Kh7 38. Ng5+ Kh8 39. Qh3+ Qxh3 40. Nxh3 Rc8 41. Ng5 g6 42. Rd4 Kg7 43. Kb2 1-0

[Event "BL 2024-25"]
[Site "Austria"]
[Date "2024.10.10"]
[Round "2.7"]
[White "Abasov, Nijat"]
[Black "Sarana, Alexey"]
[Result "1/2-1/2"]
[ECO "B53"]
[WhiteElo "2619"]
[BlackElo "2717"]
[Annotator "TA"]
[PlyCount "53"]
[EventDate "2024.08.28"]
[EventType "team-tourn"]
[EventCountry "AUT"]
[SourceTitle "playchess.com"]
[Source "ChessBase"]
[SourceQuality "1"]
[WhiteTeam "Feffernitz"]
[BlackTeam "Linz"]
[TimeControl "40/5400+30:1800+30"]

1. e4 c5 2. Nf3 d6 3. Nc3 Nf6 4. d4 cxd4 5. Qxd4 Nc6 6. Bb5 Bd7 7. Bxc6 Bxc6 8. Bg5 e6 9. O-O-O Be7 10. Rhe1 O-O 11. e5 dxe5 12. Nxe5 Qxd4 13. Rxd4 Bxg2 14. Rg1 (14. Nd7 $5 Bc6 15. Nxf8 Kxf8 16. b4 $17) 14... Bc6 (14... h6 $5 15. Bd2 Bh3 $16 (15... Bc5 $2 16. Rd3 $18)) 15. Nxc6 (15. Bh6 {feels hotter.} Nh5 16. Rdg4 Bf6 17. Nxc6 Kh8 18. Be3) 15... bxc6 16. Ne4 Kh8 17. Nxf6 gxf6 18. Bh6 Rg8 {[%emt 0:01:04] Wards off Bg7+} 19. Rxg8+ Rxg8 $14 {[%emt 0:01:14][%mdl 4096] Endgame. KRB-KRB} 20. Rd7 Bc5 21. Rxf7 {[%emt 0:00:44] White is more active.} f5 22. Be3 (22. Kd2 $1 $14) 22... Bxe3+ $11 {[%emt 0:00:18] The position is equal.} 23. fxe3 Rg7 $1 24. Rf8+ Rg8 25. Rf7 Rg7 $1 26. Rf8+ Rg8 27. Rf7 {[%emt 0:00:09] Weighted Error Value: White=0.07 (flawless) /Black=0.05 (flawless) .  Mistake:       	White=1     	---        Inaccurate:     	---       	Black=1      OK:         	White=7     	Black=6      Best:        	White=1     	---        Strong:       	---       	Black=2} 1/2-1/2

[Event "BL 2024-25"]
[Site "Austria"]
[Date "2024.10.10"]
[Round "2.8"]
[White "Andreikin, Dmitry"]
[Black "Karthik Venkataraman"]
[Result "1/2-1/2"]
[ECO "A13"]
[WhiteElo "2729"]
[BlackElo "2581"]
[Annotator "TA"]
[PlyCount "107"]
[EventDate "2024.08.28"]
[EventType "team-tourn"]
[EventCountry "AUT"]
[SourceTitle "playchess.com"]
[Source "ChessBase"]
[SourceQuality "1"]
[WhiteTeam "Linz"]
[BlackTeam "Feffernitz"]
[TimeControl "40/5400+30:1800+30"]

1. Nf3 d5 2. e3 Nf6 3. c4 e6 4. b3 Bd6 5. Bb2 O-O 6. Nc3 Nc6 7. Rc1 a6 8. d4 {[%emt 0:06:03] White has an edge.} b6 9. Bd3 dxc4 10. bxc4 e5 11. c5 {[%emt 0:08:15] The position is equal.} bxc5 12. dxc5 Bxc5 13. O-O Bd6 14. Ne4 Rb8 15. Rxc6 {[%emt 0:05:58] [#] And now Nxf6+ would win.} Rxb2 16. Nxd6 cxd6 17. Bxa6 Bxa6 18. Rxa6 Qb8 19. Qxd6 Qxd6 20. Rxd6 Ne4 21. Rc6 f6 22. Rc4 Nd6 23. Ra4 Nb5 24. h3 Nc3 25. Rc4 Nxa2 26. g4 Rfb8 27. Nh4 R2b4 28. Rc2 Rb2 29. Rc5 R2b5 30. Rxb5 Rxb5 $11 {[%emt 0:00:02][%mdl 4096] Endgame. KRN-KRN} 31. Ra1 Rb2 32. Nf5 g6 33. Nd6 Kf8 34. Ne4 Ke7 35. g5 fxg5 36. Nxg5 h6 37. Ne4 Rb4 38. Nc5 Rb5 39. Ne4 Rb4 40. Nd2 Ra4 41. Kg2 Nc3 42. Rc1 Ne4 43. Nxe4 Rxe4 {[%emt 0:00:09] KR-KR} 44. Rc6 Kf7 45. Kg3 Ra4 46. Kf3 Rh4 47. Kg3 Ra4 48. h4 h5 49. f3 Ra3 50. e4 Rb3 51. Rc5 Kf6 52. Rc6+ Kf7 53. Rc7+ Kf6 54. Rc6+ {[%emt 0:00:04] Weighted Error Value: White=0.01 (flawless) /Black=0.03 (flawless) .  Inaccurate:     	White=1     	---        OK:         	White=24    	Black=25     Best:        	---       	Black=1} 1/2-1/2

[Event "BL 2024-25"]
[Site "Austria"]
[Date "2024.10.10"]
[Round "2.8"]
[White "Andreikin, Dmitry"]
[Black "Karthik Venkataraman"]
[Result "*"]
[ECO "A13"]
[WhiteElo "2729"]
[BlackElo "2581"]
[Annotator "TA"]
[PlyCount "40"]
[EventDate "2024.08.28"]
[EventType "team-tourn"]
[EventCountry "AUT"]
[SourceTitle "playchess.com"]
[Source "ChessBase"]
[SourceQuality "1"]
[WhiteTeam "Linz"]
[BlackTeam "Feffernitz"]
[TimeControl "40/5400+30:1800+30"]

1. Nf3 d5 2. e3 Nf6 3. c4 e6 4. b3 Bd6 5. Bb2 O-O 6. Nc3 Nc6 7. Rc1 a6 8. d4 {[%emt 0:06:03] The position is equal.} b6 9. Bd3 dxc4 10. bxc4 e5 11. c5 bxc5 12. dxc5 Bxc5 13. O-O {[%emt 0:03:05] Threatens to win with Ne4.} Bd6 14. Ne4 Rb8 15. Rxc6 {[%emt 0:05:58] Nxf6+ would now be deadly.} Rxb2 16. Nxd6 cxd6 17. Bxa6 (17. Rxd6 $5 Qe7 18. Bc4 $11) 17... Bxa6 18. Rxa6 Qb8 {[%emt 0:03:09] [#]} 19. Qd2 $2 d5 $2 ({Black should play} 19... Rxd2 $19 20. Nxd2 Qb4) 20. Qxd5 $2 {[%emt 0:00:00][%mdl 8192] [#]} Qd6 $4 {[%emt 0:00:36][%mdl 8192] Weighted Error Value: White=0.97/Black=0.42.  Loses game:     	White=2     	---        Missed win:     	---       	Black=1      OK:         	White=6     	Black=4      Best:        	---       	Black=2} *

[Event "BL 2024-25"]
[Site "Austria"]
[Date "2024.10.10"]
[Round "2.9"]
[White "Ghosh, Diptayan"]
[Black "Vitiugov, Nikita"]
[Result "1/2-1/2"]
[ECO "E48"]
[WhiteElo "2566"]
[BlackElo "2667"]
[Annotator "RC"]
[PlyCount "43"]
[EventDate "2024.08.28"]
[EventType "team-tourn"]
[EventCountry "AUT"]
[SourceTitle "playchess.com"]
[Source "ChessBase"]
[SourceQuality "1"]
[WhiteTeam "Feffernitz"]
[BlackTeam "Linz"]
[TimeControl "40/5400+30:1800+30"]

1. d4 Nf6 2. c4 e6 3. Nc3 Bb4 4. e3 O-O 5. Bd3 d5 6. cxd5 exd5 7. a3 Bd6 8. Qc2 Re8 9. Nb5 b6 10. Nxd6 Qxd6 11. Ne2 Ba6 12. O-O Bxd3 13. Qxd3 Nbd7 14. b3 Nf8 15. a4 Ng6 16. Ba3 Qd7 17. Rae1 Rac8 18. Ng3 Ne4 19. Ne2 Nf6 20. Ng3 Ne4 21. Ne2 Nf6 22. Ng3 1/2-1/2

[Event "BL 2024-25"]
[Site "Austria"]
[Date "2024.10.10"]
[Round "2.10"]
[White "Rodshtein, Maxim"]
[Black "Kunin, Vitaly"]
[Result "1-0"]
[ECO "A07"]
[WhiteElo "2613"]
[BlackElo "2528"]
[Annotator "RC"]
[PlyCount "71"]
[EventDate "2024.08.28"]
[EventType "team-tourn"]
[EventCountry "AUT"]
[SourceTitle "playchess.com"]
[Source "ChessBase"]
[SourceQuality "1"]
[WhiteTeam "Linz"]
[BlackTeam "Feffernitz"]
[TimeControl "40/5400+30:1800+30"]

1. Nf3 d5 2. g3 Bg4 3. Bg2 Nd7 4. h3 Bxf3 5. Bxf3 c6 6. d3 e5 7. e4 dxe4 8. dxe4 Bc5 9. Nd2 Ngf6 10. O-O Qc7 11. a4 O-O 12. Qe2 Rfd8 13. Nb3 Be7 14. Be3 Nf8 15. c3 Ne6 16. h4 Nd7 17. Bg4 Nec5 18. Nxc5 Nxc5 19. Qc4 b6 20. Rfd1 Rxd1+ 21. Rxd1 Rd8 22. Rxd8+ Qxd8 23. b4 Qd3 24. Qxd3 Nxd3 25. Bd7 c5 26. Bb5 Ne1 27. bxc5 Bxc5 28. Bxc5 bxc5 29. Kf1 Nc2 30. Ke2 Na3 31. Ba6 f5 32. Kd2 fxe4 33. Kc1 e3 34. fxe3 Kf7 35. Kb2 Ke6 36. e4 1-0

[Event "BL 2024-25"]
[Site "Austria"]
[Date "2024.10.10"]
[Round "2.12"]
[White "Bacrot, Etienne"]
[Black "Brunello, Sabino"]
[Result "1/2-1/2"]
[ECO "C48"]
[WhiteElo "2658"]
[BlackElo "2514"]
[Annotator "RC"]
[PlyCount "105"]
[EventDate "2024.08.28"]
[EventType "team-tourn"]
[EventCountry "AUT"]
[SourceTitle "playchess.com"]
[Source "ChessBase"]
[SourceQuality "1"]
[WhiteTeam "Linz"]
[BlackTeam "Feffernitz"]
[TimeControl "40/5400+30:1800+30"]

1. e4 e5 2. Nf3 Nf6 3. Nc3 Nc6 4. Bb5 Nd4 5. O-O c6 6. Bc4 b5 7. Bb3 Nxb3 8. axb3 d6 9. d4 Qc7 10. Bg5 Be7 11. b4 Bd7 12. Qd3 O-O 13. Rfd1 Rfd8 14. d5 c5 15. Nxb5 Bxb5 16. Qxb5 Nxe4 17. Bxe7 Qxe7 18. bxc5 Nxc5 19. b4 Ne4 20. Qc4 f5 21. Ra6 Rd7 22. Nd2 Nf6 23. Rc6 g6 24. Qb3 e4 25. Nc4 f4 26. b5 Rb8 27. b6 axb6 28. Rxb6 Rxb6 29. Qxb6 Rc7 30. Nxd6 Rxc2 31. Qb3 Re2 32. Kf1 f3 33. gxf3 exf3 34. Qxf3 Re5 35. Nc4 Rf5 36. d6 Qe6 37. Qa8+ Kg7 38. Qa7+ Nd7 39. Qd4+ Qf6 40. Qe3 Rf4 41. Nb6 Nxb6 42. Qxb6 Qe6 43. Qc6 Qh3+ 44. Qg2 Qb3 45. Qd5 Qh3+ 46. Kg1 Qg4+ 47. Kh1 Rxf2 48. d7 Qe2 49. Qd4+ Kh6 50. Qh4+ Kg7 51. Qd4+ Kh6 52. Qh4+ Kg7 53. Qd4+ 1/2-1/2

[Event "BL 2024-25"]
[Site "Austria"]
[Date "2024.10.10"]
[Round "2.13"]
[White "Pechac, Jergus"]
[Black "Unuk, Laura"]
[Result "1/2-1/2"]
[ECO "B10"]
[WhiteElo "2582"]
[BlackElo "2304"]
[Annotator "RC"]
[PlyCount "83"]
[EventDate "2024.08.28"]
[EventType "team-tourn"]
[EventCountry "AUT"]
[SourceTitle "playchess.com"]
[Source "ChessBase"]
[SourceQuality "1"]
[WhiteTeam "Mistelbach"]
[BlackTeam "Pamhagen"]
[TimeControl "40/5400+30:1800+30"]

1. e4 c6 2. Nf3 d5 3. e5 Bg4 4. Be2 e6 5. O-O Ne7 6. d4 Nf5 7. c3 Bxf3 8. Bxf3 c5 9. dxc5 Nc6 10. b4 a5 11. c4 dxc4 12. b5 Nxe5 13. Bxb7 Bxc5 14. Qe2 Bd4 15. Rd1 Bxa1 16. Rxd8+ Rxd8 17. Ba3 Nd4 18. Qh5 Nxb5 19. Bc5 Nd6 20. Ba6 O-O 21. Na3 Rfe8 22. h3 Nd3 23. Bb6 Ra8 24. Qxa5 c3 25. Nc2 Bb2 26. Bd4 Nf4 27. Bxg7 Kxg7 28. Qe5+ Kg8 29. Qxd6 Nd5 30. Bd3 Rxa2 31. Qg3+ Kf8 32. Qd6+ Kg8 33. f4 Raa8 34. f5 Rad8 35. Qg3+ Kf8 36. Qg5 exf5 37. Qh6+ Ke7 38. Nd4 f6 39. Nxf5+ Kd7 40. Bb5+ Kc7 41. Ba4 Ba3 42. Kh2 1/2-1/2

[Event "BL 2024-25"]
[Site "Austria"]
[Date "2024.10.10"]
[Round "2.14"]
[White "Vitouch, Anatol"]
[Black "Kraus, Tomas"]
[Result "1/2-1/2"]
[ECO "E16"]
[WhiteElo "2287"]
[BlackElo "2461"]
[Annotator "RC"]
[PlyCount "61"]
[EventDate "2024.08.28"]
[EventType "team-tourn"]
[EventCountry "AUT"]
[SourceTitle "playchess.com"]
[Source "ChessBase"]
[SourceQuality "1"]
[WhiteTeam "Pamhagen"]
[BlackTeam "Mistelbach"]
[TimeControl "40/5400+30:1800+30"]

1. Nf3 d5 2. d4 Nf6 3. c4 e6 4. g3 Bb4+ 5. Nbd2 O-O 6. Bg2 b6 7. O-O Bb7 8. Ne5 Qc8 9. cxd5 Bxd5 10. e4 Bb7 11. Qe2 Nbd7 12. Nec4 a5 13. a3 Be7 14. b3 Ra7 15. Re1 Qa8 16. Nb1 b5 17. Ncd2 b4 18. Bb2 c5 19. Nc4 cxd4 20. Bxd4 Ra6 21. a4 Bc5 22. Bb2 Qa7 23. Nbd2 Rd8 24. Rad1 h6 25. h3 Qa8 26. Ne3 Be7 27. e5 Nh7 28. Bxb7 Qxb7 29. Nf3 Nc5 30. Rxd8+ Bxd8 31. Nd4 1/2-1/2

[Event "BL 2024-25"]
[Site "Austria"]
[Date "2024.10.10"]
[Round "2.15"]
[White "Stalmach, Richard"]
[Black "Gschiel, Alexander"]
[Result "1-0"]
[ECO "D38"]
[WhiteElo "2433"]
[BlackElo "2326"]
[Annotator "RC"]
[PlyCount "79"]
[EventDate "2024.08.28"]
[EventType "team-tourn"]
[EventCountry "AUT"]
[SourceTitle "playchess.com"]
[Source "ChessBase"]
[SourceQuality "1"]
[WhiteTeam "Mistelbach"]
[BlackTeam "Pamhagen"]
[TimeControl "40/5400+30:1800+30"]

1. d4 d5 2. c4 e6 3. Nc3 Nf6 4. Nf3 Bb4 5. Qa4+ Nc6 6. e3 O-O 7. Qc2 Re8 8. a3 Bf8 9. Bd3 b6 10. O-O Bb7 11. b4 h6 12. Bb2 e5 13. cxd5 Nxd5 14. Nxd5 Qxd5 15. Bh7+ Kh8 16. Be4 Qd7 17. Nxe5 Nxe5 18. Bxb7 Rab8 19. Be4 Nc4 20. b5 Rxe4 21. Qxe4 Nd2 22. Qd3 Nxf1 23. Rxf1 f5 24. f3 Rd8 25. e4 fxe4 26. fxe4 Bc5 27. Kh1 Qg4 28. h3 Qg6 29. Rf5 Bd6 30. Qf3 Qg3 31. e5 Qe1+ 32. Kh2 Be7 33. Rf7 Bg5 34. d5 Be3 35. Qf1 Qd2 36. Ba1 Qxd5 37. e6 Bd4 38. e7 Rg8 39. Rf8 Be5+ 40. Kh1 1-0

[Event "BL 2024-25"]
[Site "Austria"]
[Date "2024.10.10"]
[Round "2.16"]
[White "Fleischhacker, Christian"]
[Black "Haba, Petr"]
[Result "0-1"]
[ECO "B47"]
[WhiteElo "1873"]
[BlackElo "2422"]
[Annotator "RC"]
[PlyCount "26"]
[EventDate "2024.08.28"]
[EventType "team-tourn"]
[EventCountry "AUT"]
[SourceTitle "playchess.com"]
[Source "ChessBase"]
[SourceQuality "1"]
[WhiteTeam "Pamhagen"]
[BlackTeam "Mistelbach"]
[TimeControl "40/5400+30:1800+30"]

1. e4 c5 2. Nf3 e6 3. d4 cxd4 4. Nxd4 Nc6 5. Nc3 Qc7 6. Be2 a6 7. O-O Nf6 8. Bg5 Bb4 9. Nxc6 bxc6 10. Bxf6 gxf6 11. Qd4 Be7 12. Rad1 Rb8 13. Na4 Rb4 0-1

[Event "BL 2024-25"]
[Site "Austria"]
[Date "2024.10.10"]
[Round "2.17"]
[White "Bures, Jaroslav"]
[Black "Horvath, Maria"]
[Result "1-0"]
[ECO "C06"]
[WhiteElo "2407"]
[BlackElo "1893"]
[Annotator "RC"]
[PlyCount "85"]
[EventDate "2024.08.28"]
[EventType "team-tourn"]
[EventCountry "AUT"]
[SourceTitle "playchess.com"]
[Source "ChessBase"]
[SourceQuality "1"]
[WhiteTeam "Mistelbach"]
[BlackTeam "Pamhagen"]
[TimeControl "40/5400+30:1800+30"]

1. e4 e6 2. d4 d5 3. Nd2 Nf6 4. e5 Nfd7 5. c3 c5 6. Bd3 Nc6 7. Ne2 cxd4 8. cxd4 Qb6 9. Nf3 Bb4+ 10. Kf1 a5 11. h4 f6 12. Nf4 fxe5 13. dxe5 Nf8 14. Nh5 Rg8 15. Rh3 Bd7 16. Rg3 O-O-O 17. Be3 Bc5 18. Bxc5 Qxc5 19. Nf6 gxf6 20. Rxg8 Kb8 21. exf6 e5 22. Rg5 Qd6 23. Rc1 h6 24. Rxc6 Bxc6 25. Rxe5 Qxf6 26. Qe2 d4 27. Rxa5 Bxf3 28. gxf3 Nd7 29. Qe4 Rc8 30. b4 Rc1+ 31. Kg2 Qg7+ 32. Qg4 Qxg4+ 33. fxg4 Rd1 34. Bf5 Kc7 35. g5 hxg5 36. hxg5 Kd6 37. Bxd7 Kxd7 38. g6 Ke7 39. Rf5 d3 40. g7 d2 41. g8=Q Rg1+ 42. Kxg1 d1=Q+ 43. Kg2 1-0

[Event "BL 2024-25"]
[Site "Austria"]
[Date "2024.10.10"]
[Round "2.19"]
[White "Ragger, Markus"]
[Black "Gupta, Abhijeet"]
[Result "1/2-1/2"]
[ECO "B52"]
[WhiteElo "2584"]
[BlackElo "2573"]
[Annotator "RC"]
[PlyCount "69"]
[EventDate "2024.08.28"]
[EventType "team-tourn"]
[EventCountry "AUT"]
[SourceTitle "playchess.com"]
[Source "ChessBase"]
[SourceQuality "1"]
[WhiteTeam "Maria Saal"]
[BlackTeam "Wien-St Veit"]
[TimeControl "40/5400+30:1800+30"]

1. e4 c5 2. Nf3 d6 3. Bb5+ Bd7 4. Bxd7+ Nxd7 5. c4 Ngf6 6. Nc3 Ne5 7. O-O e6 8. d3 Be7 9. Ne1 Nc6 10. f4 O-O 11. g4 Nd7 12. Nf3 a6 13. a4 Nb4 14. Qe2 Re8 15. Bd2 Bf8 16. Rad1 Nb8 17. Bc1 N8c6 18. Qg2 d5 19. g5 Qd7 20. h4 Rad8 21. h5 dxc4 22. dxc4 Qc7 23. g6 h6 24. e5 fxg6 25. Qxg6 Qf7 26. Qg4 Be7 27. Ne4 Rxd1 28. Rxd1 Rd8 29. Rxd8+ Nxd8 30. Be3 Nd3 31. b3 Nc6 32. Nf2 Ndb4 33. Ne4 Nd3 34. Nf2 Ndb4 35. Ne4 1/2-1/2

[Event "BL 2024-25"]
[Site "Austria"]
[Date "2024.10.10"]
[Round "2.20"]
[White "Solodovnichenko, Yuri"]
[Black "Costa, Leonardo"]
[Result "0-1"]
[ECO "C48"]
[WhiteElo "2497"]
[BlackElo "2472"]
[Annotator "RC"]
[PlyCount "120"]
[EventDate "2024.08.28"]
[EventType "team-tourn"]
[EventCountry "AUT"]
[SourceTitle "playchess.com"]
[Source "ChessBase"]
[SourceQuality "1"]
[WhiteTeam "Wien-St Veit"]
[BlackTeam "Maria Saal"]
[TimeControl "40/5400+30:1800+30"]

1. e4 e5 2. Nf3 Nc6 3. Nc3 Nf6 4. Bb5 Bc5 5. O-O O-O 6. Bxc6 dxc6 7. d3 Nd7 8. Be3 Bd6 9. Nd2 Nc5 10. f4 exf4 11. Bxf4 Bxf4 12. Rxf4 Ne6 13. Rf2 Nd4 14. Nb3 a5 15. Qd2 a4 16. Nxd4 Qxd4 17. Raf1 Be6 18. Kh1 Rfd8 19. b3 b5 20. Qe1 a3 21. Ne2 Qe5 22. Nf4 c5 23. h3 h6 24. Qe2 Rd7 25. Nxe6 fxe6 26. Qg4 Rdd8 27. Qf4 Qxf4 28. Rxf4 c4 29. dxc4 bxc4 30. bxc4 Rd2 31. R1f2 Rxf2 32. Rxf2 Ra4 33. Rf3 Rxc4 34. Rxa3 Rxc2 35. Kh2 Kf7 36. Kg3 Kf6 37. Kf3 Ke5 38. g3 c5 39. h4 Kd4 40. Ra7 Rc3+ 41. Kf4 e5+ 42. Kf5 Rf3+ 43. Kg4 Rf6 44. Rxg7 c4 45. Rc7 c3 46. Kh5 Kd3 47. g4 c2 48. Rd7+ Kxe4 49. Rc7 Kd3 50. Rd7+ Kc3 51. Rc7+ Kb2 52. Rb7+ Kxa2 53. Rc7 Kb2 54. Rb7+ Kc1 55. g5 hxg5 56. hxg5 Rc6 57. g6 Kd1 58. g7 c1=Q 59. Rd7+ Ke2 60. g8=Q Rh6+ 0-1

[Event "BL 2024-25"]
[Site "Austria"]
[Date "2024.10.10"]
[Round "2.21"]
[White "Naumann, Alexander"]
[Black "Koellner, Ruben Gideon"]
[Result "1/2-1/2"]
[ECO "A13"]
[WhiteElo "2487"]
[BlackElo "2480"]
[Annotator "RC"]
[PlyCount "61"]
[EventDate "2024.08.28"]
[EventType "team-tourn"]
[EventCountry "AUT"]
[SourceTitle "playchess.com"]
[Source "ChessBase"]
[SourceQuality "1"]
[WhiteTeam "Maria Saal"]
[BlackTeam "Wien-St Veit"]
[TimeControl "40/5400+30:1800+30"]

1. c4 e6 2. g3 d5 3. Bg2 Nf6 4. Nf3 dxc4 5. Qa4+ Bd7 6. Qxc4 c5 7. Ne5 Qc8 8. Qd3 Nc6 9. Nxd7 Nxd7 10. b3 Be7 11. Bb2 O-O 12. Nc3 Rd8 13. Rd1 Nf6 14. Qb1 Qd7 15. O-O Rac8 16. d3 b6 17. Rd2 Nd5 18. e3 Nxc3 19. Bxc3 Qe8 20. Rfd1 Bf8 21. Qa1 Rd6 22. d4 cxd4 23. Bxd4 Nxd4 24. Rxd4 Rcd8 25. Rxd6 Rxd6 26. Rxd6 Bxd6 27. Qd4 Qe7 28. Bf3 g6 29. Kg2 Qc7 30. Qd3 Kg7 31. h4 1/2-1/2

[Event "BL 2024-25"]
[Site "Austria"]
[Date "2024.10.10"]
[Round "2.22"]
[White "Antoniewski, Rafal"]
[Black "Halvax, Georg"]
[Result "1/2-1/2"]
[ECO "D36"]
[WhiteElo "2443"]
[BlackElo "2443"]
[Annotator "RC"]
[PlyCount "67"]
[EventDate "2024.08.28"]
[EventType "team-tourn"]
[EventCountry "AUT"]
[SourceTitle "playchess.com"]
[Source "ChessBase"]
[SourceQuality "1"]
[WhiteTeam "Wien-St Veit"]
[BlackTeam "Maria Saal"]
[TimeControl "40/5400+30:1800+30"]

1. c4 e6 2. Nc3 d5 3. d4 Nf6 4. cxd5 exd5 5. Bg5 Be7 6. e3 c6 7. Bd3 Nbd7 8. Qc2 Nf8 9. Nf3 Ne6 10. Bh4 g6 11. O-O O-O 12. Rab1 Ng7 13. b4 a6 14. a4 Bf5 15. b5 Bxd3 16. Qxd3 axb5 17. axb5 Nf5 18. Bxf6 Bxf6 19. bxc6 bxc6 20. Rfc1 Ra3 21. Qc2 Qa5 22. Rb3 Rxb3 23. Qxb3 Nd6 24. Nd2 Ra8 25. g3 Kg7 26. Qc2 Qa6 27. Nb3 Nc4 28. Ra1 Qb7 29. Rxa8 Qxa8 30. Ne2 Qa4 31. Nc3 Qb4 32. Nc1 Qa3 33. Nd3 Be7 34. Ne2 1/2-1/2

[Event "BL 2024-25"]
[Site "Austria"]
[Date "2024.10.10"]
[Round "2.23"]
[White "Bauer, Sebastian"]
[Black "Kuegel, Tobias"]
[Result "1/2-1/2"]
[ECO "B27"]
[WhiteElo "2334"]
[BlackElo "2428"]
[Annotator "RC"]
[PlyCount "75"]
[EventDate "2024.08.28"]
[EventType "team-tourn"]
[EventCountry "AUT"]
[SourceTitle "playchess.com"]
[Source "ChessBase"]
[SourceQuality "1"]
[WhiteTeam "Maria Saal"]
[BlackTeam "Wien-St Veit"]
[TimeControl "40/5400+30:1800+30"]

1. e4 c5 2. Nf3 g6 3. d4 cxd4 4. Qxd4 Nf6 5. Nc3 Nc6 6. Qa4 d6 7. e5 dxe5 8. Nxe5 Bg7 9. Bb5 O-O 10. Nxc6 bxc6 11. Bxc6 Rb8 12. O-O Qc7 13. Re1 Rb6 14. Bf3 Bb7 15. Bf4 Qc8 16. Bxb7 Qxb7 17. Be5 Rxb2 18. Rab1 Rxb1 19. Rxb1 Qd7 20. Qxd7 Nxd7 21. Bxg7 Kxg7 22. Rb7 Rc8 23. Rxd7 Rxc3 24. Rxa7 e5 25. g4 h6 26. Kg2 e4 27. Re7 Rxc2 28. Rxe4 Rxa2 29. h3 Ra5 30. Rb4 h5 31. Kg3 hxg4 32. hxg4 g5 33. Rb6 f5 34. gxf5 Rxf5 35. Kg4 Rf6 36. Rxf6 Kxf6 37. f4 gxf4 38. Kxf4 1/2-1/2